 Dungeon Crawl Stone Soup version 0.20-a0-941-gba1b1f9 (webtiles) character file.

35 Duffy the Conjurer (level 3, 28/28 HPs)
             Began as a Naga Fire Elementalist on Apr 1, 2017.
             Quit the game on level 1 of the Dungeon.
             The game lasted 00:01:20 (1567 turns).

Duffy the Conjurer (Naga Fire Elementalist)         Turns: 1567, Time: 00:01:20

Health: 28/28      AC:  3    Str: 10    XL:     3   Next: 35%
Magic:  6/6        EV: 10    Int: 16    God:
Gold:   15         SH:  0    Dex: 11    Spells: 5/6 levels left

rFire    . . .     SeeInvis +   h - -1 short sword (curse)
rCold    . . .     Gourm    .   (no shield)
rNeg     . . .     Faith    .   a - +1 robe
rPois    +         Spirit   .   (no helmet)
rElec    .         Reflect  .   (no cloak)
rCorr    .         Harm     .   (no gloves)
MR       .....                  (no barding)
Stlth    ++........             (no amulet)
Regen    0.1/turn               (no ring)
MPRegen  0.1/turn               (no ring)

@: very slow
A: see invisible, deformed body, poison resistance, slowness 2, slow metabolism
1, spit poison 1, AC +1
a: Spit Poison


You were on level 1 of the Dungeon.
You were not hungry.

You visited 1 branch of the dungeon, and saw 1 of its levels.

You collected 15 gold pieces.

Inventory:

Hand Weapons
 d - a +0 dagger
 h - a cursed -1 short sword (weapon)
Missiles
 e - a throwing net (quivered)
Armour
 a - a +1 robe (worn)
Books
 b - a book of Flames

   Spells                             Type                      Level
   a - Flame Tongue                   Conjuration/Fire             1
   b - Throw Flame                    Conjuration/Fire             2
   c - Conjure Flame                  Conjuration/Fire             3
   d - Inner Flame                    Hexes/Fire                   3
   e - Sticky Flame                   Conjuration/Fire             4
   f - Fireball                       Conjuration/Fire             5
Comestibles
 c - a bread ration
 f - a royal jelly


   Skills:
 - Level 1.5 Dodging
 - Level 3.0 Stealth
 - Level 2.0 Spellcasting
 + Level 3.1 Conjurations
 - Level 3.0 Fire Magic


You had 5 spell levels left.
You knew the following spells:

 Your Spells              Type           Power        Failure   Level  Hunger
h - Flame Tongue          Conj/Fire      ##...        8%          1    #......


Dungeon Overview and Level Annotations

Branches:
Dungeon (1/15)

Altars:


Innate Abilities, Weirdness & Mutations

You cannot wear boots.
Your serpentine skin is tough. (AC +1)
You have supernaturally acute eyesight. (SInv)
Armour fits poorly on your strangely shaped body.
Your system is resistant to poisons. (rPois)
You cover ground very slowly.
You have a slow metabolism.
You can spit poison.


Message History

It was a scroll of random uselessness.
As you read the scroll labeled FYIKYI WESEG, it crumbles to dust.
You hear a loud clanging noise!
It was a scroll of noise.
As you read the scroll labeled KEDUAH VOATTESK, it crumbles to dust.
It is a scroll of enchant armour.
Your +0 robe glows green for a moment.
There is an open door here.
You are feeling hungry.
There is an open door here.
You butcher the rat corpse.
g - a chunk of flesh You see here a rat skeleton. x2
Eating a chunk of flesh.
You eat the chunk of flesh.
This raw flesh tastes terrible.
There is an open door here.
A rat comes into view.
A rat is nearby!
A rat is nearby!
Are you sure you want to abandon this character and quit the game? (Confirm with "yes".)

....####.#.#.#....#############..
########.###.##################..
......).........r#.......#...##..
################.#.#####...#.##..
..# #.#.#P....#.#.#### ..#
#.#.###.###.#.# ..#
#.#...#.#.#.#.# ..#
#.#.#.#.#.#.#.#### ###
#@..#.#.#.#.###...
#.###.#.#.#...#...
#.#.#.#...#.###...
#.#.#.###.#.#<#...
#.#.#.#...#.#.#... #######
#.#.#.#.###.#.#### #.....#
#.#.#.#...#.#.###. #.....#
#.#.#####.#.#.##.} #.....#
#.#.......#...#.~.


You could see a rat (wandering).

Vanquished Creatures
  An ooze (D:1)
  2 dart slugs (D:1)
  A leopard gecko (D:1)
  2 bats (D:1)
  A giant cockroach (D:1)
  2 goblins (D:1)
  2 hobgoblins (D:1)
  2 jackals (D:1)
  4 frilled lizards (D:1)
  7 kobolds (D:1)
  3 rats (D:1)
27 creatures vanquished.

Notes
Turn   | Place    | Note
-------+----------+-------------------------------------------
     0 | D:1      | Duffy the Naga Fire Elementalist began the quest for the Orb.
     0 | D:1      | Reached XP level 1. HP: 15/15 MP: 3/3
   254 | D:1      | Reached XP level 2. HP: 7/22 MP: 3/5
  1068 | D:1      | Reached XP level 3. HP: 28/28 MP: 2/6
  1567 | D:1      | Quit the game

Vault maps used:
D:1:      onia_arrival_mini_maze, kennysheep_crisscross

Skill      XL: |  1  2  3 |
---------------+----------+-----
Conjurations   | 2 3 |  3.1
Dodging        | |  1.5
Stealth        | |  3.0
Spellcasting   | |  2.0
Fire Magic     | |  3.0

Action                   || total
-------------------------++-------
Melee: Dagger            ||    27
       Short sword       ||     7
 Cast: Flame Tongue      ||    41
 Abil: Spit Poison       ||     3
  Use: Scroll            ||     3
  Eat: Chunk             ||     2
Armor: Robe              ||     7
Dodge: Dodged            ||    38
